 Dungeon Crawl Stone Soup version 0.30-a0-793-g160f7cfddd (webtiles) character file.

Game seed: 8459707727307747135

30 Esekla the Sneak (level 3, 25/26 HPs)
             Began as an Octopode Delver on Feb 19, 2023.
             Quit the game on level 5 of the Dungeon.
             The game lasted 00:00:35 (43 turns).

Esekla the Sneak (Octopode Delver)                    Turns: 43, Time: 00:00:35

Health: 25/26      AC:  1    Str: 11    XL:     3   Next: 18%
Magic:  3/3        EV: 13    Int: 14    God:
Gold:   17         SH:  0    Dex: 13    Spells: 3/3 levels left

rFire   . . .      SeeInvis .    a - +0 falchion
rCold   . . .      Faith    .    (no shield)
rNeg    . . .      Spirit   .    (helmet restricted)
rPois   .          Reflect  .    (no amulet)
rElec   .          Harm     .    (no ring)
rCorr   .          Rampage  .    (no ring)
Will    .....                    (no ring)
Stlth   ++++                     (no ring)
HPRegen 0.24/turn                (no ring)
MPRegen 0.08/turn                (no ring)
                                 (no ring)
                                 (no ring)

@: no status effects
A: almost no armour, amphibious, 8 rings, camouflage 1, gelatinous body 1,
(nimble swimmer 1), tentacles
a: no special abilities


You were on level 5 of the Dungeon.
You visited 1 branch of the dungeon, and saw 1 of its levels.

You collected 17 gold pieces.

Inventory:

Hand Weapons
 a - a +0 falchion (weapon)
Wands
 f - a wand of digging (3)
Scrolls
 b - a scroll of fog
 c - a scroll of magic mapping
 d - a scroll of fear
Potions
 e - a potion of haste
 g - a potion of flight {unknown}


   Skills:
 * Level 3.2 Fighting
 * Level 2.2 Long Blades
 * Level 2.2 Dodging
 + Level 7.1 Stealth
 * Level 0.6 Spellcasting


You had 3 spell levels left.
You didn't know any spells.
Your spell library was empty.

Dungeon Overview and Level Annotations

Branches:
Dungeon (5/15)
 Temple: D:4-7

Altars:
Vehumet


Innate Abilities, Weirdness & Mutations

You cannot wear most types of armour.
You are amphibious.
You can wear up to eight rings at the same time.
Your skin changes colour to match your surroundings (Stealth+).
Your rubbery body absorbs attacks. (AC +1, EV +1)
((You are camouflaged when in or above water. (Stealth+)))
You have tentacles for arms and can constrict up to eight enemies at once.


Message History

Press ? for a list of commands and other information.
Found a sedimented silvery potion and 10 gold pieces.
Found two stone staircases leading down and a stone staircase leading up.
Found a scroll of magic mapping.
g - a sedimented silvery potion A hound comes into view.
Found 7 gold pieces.
The hound barks!
You hear an angry hiss.
You hear a shout!
You hear an angry hiss.
The hound bites you. The hound barely misses you.
You see here 10 gold pieces.
You now have 10 gold pieces.
The hound misses you.
You closely miss the hound. You grab the hound. You constrict the hound.
The hound completely misses you. The hound misses you.
You hit the hound.
The hound is lightly wounded.
You constrict the hound. The hound misses you. The hound bites you.
You hit the hound.
The hound is heavily wounded.
You constrict the hound. The hound barely misses you.
You slash the hound!
You kill the hound!
Your Stealth skill increases to level 7!
You have reached level 2!
You have reached level 3!
Your experience leads to an increase in your attributes!
Increase (S)trength, (I)ntelligence, or (D)exterity?
You feel clever. x2
c - 2 scrolls of magic mapping (gained 1)
An adder comes into view.
Found a radiant altar of Vehumet.
An iguana comes into view.
The iguana moves out of view.
You now have 17 gold pieces (gained 7).
You start resting.
An iguana is nearby!
As you read the scroll of magic mapping, it crumbles to dust.
You feel aware of your surroundings.
Are you sure you want to abandon this character and quit the game? (Confirm with "yes".)

** #....###...## *****
#.#..#>....<#*
,**,****#######..........>.#
,**,,,,##.#................#**
,,,,,,,....................#,***
,,,,,,,,....................<,,**
,,,,,,,,*,#.................,,,,*
,,,,,,,,**#.................,,,,*
,,,,,,,,* ##...†@##...####..,,,,,
**,,,,,,* #......##......*,,,,,*
,**,,,****##...........l..*,,****
,,,***,,,*#...............,,,*
***,*,,,,,#..#...##.......,,**
,*,,,*,,,#...##..#*#......,**
,*,,,****#...##.##**......,*
,*,,,*,,,#..##...*,,...#..,*
***,*,,,,.#..###..,,,.....,*


There were no monsters in sight!

Vanquished Creatures
  A hound (D:5)
1 creature vanquished.

Notes
Turn   | Place    | Note
-------+----------+-------------------------------------------
     0 | D:5      | Esekla the Octopode Delver began the quest for the Orb.
     0 | D:5      | Reached XP level 1. HP: 16/16 MP: 1/1
     6 | D:5      | Noticed a hound
    13 | D:5      | Killed a hound
    14 | D:5      | Reached skill level 7 in Stealth
    14 | D:5      | Reached XP level 2. HP: 14/21 MP: 2/2
    14 | D:5      | Reached XP level 3. HP: 18/26 MP: 3/3
    24 | D:5      | Found a radiant altar of Vehumet.
    43 | D:5      | Quit the game

Illustrated notes

Levels and vault maps discovered:
D:5:      nicolae_cairo_tiling, layout_cave_pools, vehumet_altar_wand_db

Skill      XL: |  1 |
---------------+----+-----
Stealth        | 7 |  7.1
Fighting       | |  3.2
Long Blades    | |  2.2
Dodging        | |  2.2
Spellcasting   | |  0.6

Action                     || total
---------------------------++-------
  Melee: Falchion          ||     4
         Constrict         ||     1
    Use: Scroll            ||     1
  Dodge: Dodged            ||     6

Table legend: (Time is in decaauts)
 A = Elapsed time spent in this place.
 B = Non-inter-level travel time spent in this place.
 C = Inter-level travel time spent in this place.
 D = Time resting spent in this place.
 E = Time spent auto-exploring this place.
 F = Levels seen in this place.
 G = Mean time per level.
                   A        B        C        D        E       F      G
               +--------+--------+--------+--------+--------+-----+--------+
         Total |     43 |     43 |      0 |     14 |      0 |   1 |   43.0 |
       Dungeon |     43 |     43 |      0 |     14 |      0 |   1 |   43.0 |
               +--------+--------+--------+--------+--------+-----+--------+

Top non-repeatable levels by time:
     D:5: 43 daAuts
